Map: Submarine LE

Players

Fayt

  • Race: Terran Terran
  • Spawn Location: 11:00

Zaechus - Winner!

  • Race: Zerg Zerg
  • League: Diamond
  • Spawn Location: 5:00

VOD

Have the link to the VOD?

Description

Time

  • Played on: Aug. 30, 2020, 11:53 a.m.
  • Length: 5:45
Show
View Real Time Build Order
Export as new Build Order

Fayt Terran 

Build Orders: Reaper Expand 

Get SALT Encoding   

  12  0:00  SCV  
  13  0:12  SCV  
  14  0:18  Supply Depot  
  14  0:24  SCV  
  15  0:40  SCV  
  15  0:41  Barracks  
  16  0:52  SCV  
  16  0:53  Refinery  
  17  1:04  SCV  
  18  1:17  SCV  
  19  1:32  Command Center  
  19  1:37  Reaper  
  19  1:38  Orbital Command  
  20  1:58  Supply Depot  
  20  2:04  SCV  
  21  2:11  Marine  
  21  2:14  Factory  
  22  2:23  SCV  
  22  2:26  Refinery  
  23  2:31  Barracks Reactor  
  23  2:35  SCV  
  24  2:47  SCV  
  25  2:59  SCV  
  25  3:00  Orbital Command  
  25  3:05  Starport  
  26  3:07  Factory Tech Lab  
  26  3:08  Marine x2  
  28  3:17  Command Center  
  28  3:18  SCV  
  29  3:27  SCV  
  30  3:30  Marine  
  30  3:31  Marine  
  30  3:33  Siege Tank  
  35  3:49  SCV x2  
  35  3:53  Medivac  
  39  4:01  Supply Depot, SCV x2  
  41  4:04  Supply Depot  
  41  4:10  Marine x2  
  41  4:13  SCV x2  
  45  4:25  Engineering Bay, SCV x2  
  45  4:28  Engineering Bay  
  45  4:29  Barracks  
  47  4:31  Barracks  
  47  4:43  SCV x2  
  47  4:44  Orbital Command  
  47  4:45  Marine x2  
  49  4:48  Siege Tank  
  54  5:00  SCV  
  54  5:03  Refinery  
  55  5:08  Starport Reactor  
  44  5:32  SCV x2  
  44  5:33  SCV  
Show
View Real Time Build Order
Export as new Build Order

Zaechus Zerg - Winner!

Build Orders: Hatch First 

Get SALT Encoding   

  12  0:00  Drone  
  13  0:12  Overlord  
  13  0:17  Drone  
  14  0:30  Drone x2  
  14  0:35  Drone  
  17  0:51  Hatchery  
  17  0:57  Drone  
  17  1:09  Overlord  
  17  1:10  Extractor  
  16  1:17  Spawning Pool  
  15  1:20  Drone  
  15  1:24  Drone  
  17  1:29  Drone  
  18  1:44  Drone  
  19  1:56  Drone  
  20  2:04  Queen x2  
  20  2:06  Zergling x4  
  26  2:15  Drone x2  
  28  2:35  Hatchery  
  27  2:46  Overlord  
  27  2:52  Metabolic Boost  
  27  2:53  Queen  
  29  3:00  Overlord  
  28  3:12  Overlord  
  28  3:18  Roach Warren  
  28  3:19  Drone x2  
  29  3:27  Drone x3  
  31  3:59  Overlord  
  31  4:00  Drone x7  
  31  4:01  Roach x2  
  42  4:07  Roach x2  
  42  4:09  Roach  
  48  4:13  Roach  
  48  4:16  Roach  
  52  4:20  Roach  
  52  4:24  Roach  
  56  4:25  Roach  
  56  4:30  Zergling x6  
  61  4:40  Roach  
  61  4:41  Zergling x10  
  68  4:46  Overlord  
  68  4:48  Zergling x4  
  70  4:54  Zergling x6  
  73  5:05  Zergling x14  
  80  5:13  Zergling x2  
  80  5:14  Zergling x2  
  81  5:16  Overlord x2  
Tags
 
Add a new tag
Caveats
  • Supply blocks, unpowered buildings, or Contaminate may cause inaccurate times.
  • Supply counts are checked every 10 seconds.